 Dungeon Crawl Stone Soup version 0.23.0-3-gf3c87f2 (webtiles) character file.

Game seed: 644924606218626001

1575 mopl the Grappler (level 8, -8/70 HPs)
             Began as a Troll Hunter on Feb 21, 2019.
             Was a Follower of Vehumet.
             Mangled by an orc warrior
             ... wielding a +0 battleaxe
              (13 damage)
             ... on level 6 of the Dungeon.
             The game lasted 00:06:56 (3953 turns).

mopl the Grappler (Troll Hunter)                    Turns: 3953, Time: 00:06:57

Health: -8/70      AC:  8    Str: 21    XL:     8   Next: 60%
Magic:  7/7        EV: 10    Int:  7    God:    Vehumet [*.....]
Gold:   179        SH:  0    Dex: 12    Spells: 7/7 levels left

rFire    + . .     SeeInvis .     - Unarmed
rCold    . . .     Gourm    +   (no shield)
rNeg     . . .     Faith    .   b - +0 robe
rPois    .         Spirit   .   n - +1 hat
rElec    .         Reflect  .   u - +0 cloak
rCorr    .         Harm     .   (gloves unavailable)
MR       .....                  (boots unavailable)
Stlth    +.........             (no amulet)
HPRegen  0.61/turn              B - ring of protection from fire
MPRegen  0.10/turn              (no ring)

@: no status effects
A: large, unfitting armour, claws 3, fast metabolism 3, gourmand, regeneration
1, shaggy fur 1, tough skin 3
a: Renounce Religion


You were on level 6 of the Dungeon.
You worshipped Vehumet.
Vehumet was aware of your devotion.
You were completely stuffed.

You visited 2 branches of the dungeon, and saw 7 of its levels.
You also visited: Sewer.

You collected 224 gold pieces.
You spent 45 gold pieces at shops.

Inventory:

Missiles
 a - 77 sling bullets
 c - 5 large rocks
 d - 2 throwing nets
 e - 119 stones (quivered)
 o - 2 tomahawks
 z - 18 poisoned needles
Armour
 b - a +0 robe (worn)
 n - a +1 hat (worn)
 q - a +0 shield
 u - a +0 cloak (worn)
Jewellery
 B - a ring of protection from fire (left claw)
Wands
 k - a wand of flame (10)
 r - a wand of paralysis (8)
Scrolls
 g - 7 scrolls of identify {unknown}
 h - 2 scrolls of fog {unknown}
 j - 2 scrolls of remove curse {unknown}
 p - a scroll of amnesia {unknown}
 t - 2 scrolls of magic mapping {unknown}
 y - a scroll of fear {unknown}
 A - a scroll of enchant armour {unknown}
Potions
 i - a potion of degeneration {unknown}
 m - a potion of berserk rage {unknown}
 s - a potion of agility {unknown}
 v - a potion of cancellation {unknown}
 w - a potion of invisibility {unknown}
 x - a potion of flight {unknown}
 C - a potion of lignification {unknown}
Comestibles
 f - 9 rations


   Skills:
 - Level 1.5 Fighting
 + Level 6.8 Throwing
 - Level 1.5 Dodging
 - Level 0.3 Stealth
 * Level 8.9 Unarmed Combat


You had 7 spell levels left.
You didn't know any spells.
Your spell library was empty.

Dungeon Overview and Level Annotations

Branches:
Dungeon (6/15)             Temple (1/1) D:4

Altars:
Cheibriados
Dithmenos
Elyvilon
Fedhas
Gozag
Kikubaaqudgha
Makhleb
Qazlal
Uskayaw
Vehumet
Wu Jian
The Shining One

Shops:
D:4 =

Annotations:
D:3 3 runed translucent doors, xccam's ghost, amateur GnWn
D:4 3 runed translucent doors, arthur's ghost, amateur DsFE; fly's ghost, amateur HaCj
D:6 Prince Ribbit


Innate Abilities, Weirdness & Mutations

You are too large for most types of armour.
You have claws for hands.
Your metabolism is lightning-fast.
You like to eat raw meat.
Your natural rate of healing is unusually fast.
You are covered in fur. (AC +1)
You have extremely tough skin. (AC +3)


Message History

Vehumet accepts your kill.
You claw the orc warrior!
The orc warrior is heavily wounded.
You claw the orc warrior!
You kill the orc warrior!
Vehumet accepts your kill.
You scratch the orc warrior.
The orc warrior is lightly wounded.
The orc warrior closely misses you.
You scratch the orc warrior but do no damage.
The orc warrior is lightly wounded.
Prince Ribbit blinks!
The orc warrior hits you with a +0 battleaxe!
* * * LOW HITPOINT WARNING * * *
You closely miss the orc warrior.
The orc warrior is lightly wounded.
You scratch the orc warrior but do no damage.
The orc warrior is lightly wounded.
The orc warrior hits you with a +0 battleaxe!
You die...

#.... ...# ...#
... #.. #.# # #.#
## .# #@# .#.>.#
#o# .#...# ##o#
§#..# ########ol#
...##
##Y......o##
....###..<....J##
...............#
.....#.....)...#
..†.§#........##


You could see an orc warrior, a jelly, 3 orcs and a leopard gecko.

Vanquished Creatures
  Grinder (D:3)
  2 water moccasins
  An orc warrior (D:6)
  A necrophage (D:6)
  A centaur (D:5)
  A crocodile (Sewer)
  2 scorpions
  2 crimson imps
  2 bullfrog zombies (D:5)
  An orc priest (D:3)
  2 hounds (D:4)
  A bullfrog skeleton (D:4)
  A centaur skeleton (D:5)
  Ijyb (D:3)
  2 worker ants (D:4)
  3 hound zombies (D:5)
  5 worker ant zombies (D:5)
  Robin (D:2)
  A howler monkey skeleton (D:5)
  A gnoll (D:2)
  9 adders
  An ooze (D:2)
  2 adder skeletons
  2 adder zombies (D:5)
  A worm (D:4)
  3 dart slugs
  A leopard gecko (D:4)
  11 orcs
  8 giant cockroaches
  10 goblins
  15 hobgoblins
  12 jackals
  2 quokkas (D:2)
  10 bats
  4 frilled lizards
  A giant cockroach zombie (D:5)
  10 kobolds
  A leopard gecko zombie (D:5)
  2 quokka zombies (D:5)
  8 rats
145 creatures vanquished.

Notes
Turn   | Place    | Note
-------+----------+-------------------------------------------
     0 | D:1      | mopl the Troll Hunter began the quest for the Orb.
     0 | D:1      | Reached XP level 1. HP: 19/19 MP: 0/0
    92 | D:1      | Reached skill level 1 in Unarmed Combat
   125 | D:1      | Reached XP level 2. HP: 23/27 MP: 1/1
   340 | D:1      | Reached skill level 2 in Unarmed Combat
   450 | D:1      | Reached XP level 3. HP: 33/33 MP: 2/2
   717 | D:2      | Found a blossoming altar of Fedhas.
   719 | D:2      | Found a stormy altar of Qazlal.
   724 | D:2      | Reached skill level 4 in Throwing
   842 | D:2      | Noticed Robin
   858 | D:2      | Killed Robin
   858 | D:2      | Reached skill level 3 in Unarmed Combat
   858 | D:2      | Reached XP level 4. HP: 23/41 MP: 3/3
  1556 | D:3      | Reached XP level 5. HP: 48/48 MP: 4/4
  1618 | D:3      | Noticed Ijyb
  1619 | D:3      | Reached skill level 4 in Unarmed Combat
  1622 | D:3      | Noticed Grinder
  1632 | D:3      | Killed Ijyb
  1707 | D:3      | Paralysed by Grinder for 6 turns
  1719 | D:3      | Killed Grinder
  1719 | D:3      | Reached skill level 5 in Throwing
  1719 | D:3      | Reached skill level 5 in Unarmed Combat
  1719 | D:3      | Reached XP level 6. HP: 49/55 MP: 5/5
  1770 | D:3      | Found a faded altar of an unknown god.
  2012 | D:3      | Found a runed translucent gate.
  2012 | D:3      | Found a runed translucent gate.
  2012 | D:3      | Found a runed translucent gate.
  2014 | D:3      | Noticed xccam's ghost (amateur GnWn)
  2282 | D:4      | Found a staircase to the Ecumenical Temple.
  2293 | Temple   | Entered the Ecumenical Temple
  2436 | D:4      | Reached XP level 7. HP: 49/62 MP: 6/6
  2482 | D:4      | Reached skill level 6 in Unarmed Combat
  2514 | D:4      | Found Zyxuot's Jewellery Shop.
  2518 | D:4      | Bought a cursed ring of attention for 45 gold pieces
  2785 | D:4      | Found a runed translucent gate.
  2785 | D:4      | Found a runed translucent gate.
  2793 | D:4      | Found a runed translucent gate.
  2793 | D:4      | Noticed arthur's ghost (amateur DsFE)
  2794 | D:4      | Noticed fly's ghost (amateur HaCj)
  2967 | D:5      | Entered Level 5 of the Dungeon
  2981 | D:5      | Found a glowing drain.
  3068 | Sewer    | Entered a sewer
  3281 | D:5      | Reached skill level 7 in Unarmed Combat
  3288 | D:5      | HP: 3/62 [poisoned by a water moccasin]
  3427 | D:3      | Became a worshipper of Vehumet
  3427 | D:3      | Reached * piety under Vehumet
  3427 | D:3      | Offered knowledge of Sting by Vehumet.
  3465 | D:5      | Reached skill level 6 in Throwing
  3528 | D:5      | Found a glowing golden altar of the Shining One.
  3528 | D:5      | Found an ornate altar of the Wu Jian Council.
  3547 | D:5      | Reached XP level 8. HP: 50/70 MP: 7/7
  3741 | D:5      | Reached skill level 8 in Unarmed Combat
  3794 | D:5      | Found an ancient bone altar of Kikubaaqudgha.
  3831 | D:5      | Found a shadowy altar of Dithmenos.
  3832 | D:5      | Found an opulent altar of Gozag.
  3832 | D:5      | Found a white marble altar of Elyvilon.
  3832 | D:5      | Found a snail-covered altar of Cheibriados.
  3840 | D:5      | Found a burning altar of Makhleb.
  3844 | D:5      | Found a hide-covered altar of Uskayaw.
  3923 | D:6      | Noticed Prince Ribbit
  3944 | D:6      | HP: 2/70 [water moccasin (2)]
  3953 | D:6      | Mangled by an orc warrior

Skill      XL: |  1  2  3  4  5  6  7  8 |
---------------+-------------------------+-----
Unarmed Combat | 1 2 3 5 7 8 |  8.9
Throwing       | 4 5 6 |  6.8
Fighting       | |  1.5
Dodging        | |  1.5
Stealth        | |  0.3

Action                   |  1- 3 |  4- 6 |  7- 9 || total
-------------------------+-------+-------+-------++-------
Melee: Unarmed           |   129 |   193 |   173 ||   495
       Punch             |       |     3 |     2 ||     5
Throw: Stone             |       |     5 |     5 ||    10
  Use: Potion            |       |       |     3 ||     3
 Stab: Sleeping          |       |     3 |       ||     3
  Eat: Chunk             |    13 |    15 |    14 ||    42
Armor: Robe              |    50 |    83 |    66 ||   199
Dodge: Dodged            |    79 |   106 |    85 ||   270
